 Seeded DCSS version 0.30.1-4-g462c640d31 (webtiles) character file.

Game seed: 5 (custom seed)

6150 Kazon the Covert (level 10, -3/66 HPs)
             Began as an Octopode Brigand on Aug 31, 2023.
             Was an Elder of Dithmenos.
             Killed from afar by a steam dragon (8 damage)
             ... with a ball of steam
             ... on level 8 of the Dungeon.
             The game lasted 00:31:39 (5557 turns).

Kazon the Covert (Octopode Brigand)                 Turns: 5557, Time: 00:31:41

Health: -3/66      AC:  5    Str: 12    XL:     10   Next: 90%
Magic:  0/22       EV: 14    Int: 15    God:    Dithmenos [****..]
Gold:   429        SH: 11    Dex: 21    Spells: 9/9 levels left

rFire   . . .        e - +2 dagger (vamp)
rCold   . . .        c - +0 kite shield of Protective Custody {Fly Will+ Slay+3}
rNeg    . . .        (helmet restricted)
rPois   .            A - amulet of guardian spirit
rElec   .            q - ring of magical power
rCorr   .            u - +6 ring of dexterity
SInv    .            J - +4 ring of protection
Will    +....        (no ring)
Stlth   +++++++++    (no ring)
HPRegen 0.31/turn    (no ring)
MPRegen 0.18/turn    (no ring)
                     (no ring)

%: guardian spirit
@: flying, wreathed by umbra
A: almost no armour, amphibious, 8 rings, camouflage 1, gelatinous body 1,
(nimble swimmer 1), tentacles
a: Renounce Religion, Shadow Step


You were on level 8 of the Dungeon.
You worshipped Dithmenos.
Dithmenos was greatly pleased with you.
You visited 1 branch of the dungeon, and saw 8 of its levels.
You also visited: Ossuary.

You collected 429 gold pieces.

Inventory:

Hand Weapons
 e - a +2 vampiric dagger (weapon)
 f - a +0 hand axe of flaming
 h - a +2 dagger of holy wrath
Missiles
 b - 15 poisoned darts (quivered)
 d - 3 curare-tipped darts
 p - 9 boomerangs
Armour
 c - the +0 kite shield of Protective Custody (worn) {Fly Will+ Slay+3}
   (You acquired it on level 1 of the Dungeon)

   Slay:      It affects your accuracy & damage with ranged weapons and melee
   (+3).
   Fly:       It grants you flight.
   Will:      It increases your willpower.
Jewellery
 q - a ring of magical power (left tentacle)
 u - a +6 ring of dexterity (right tentacle)
 A - an amulet of guardian spirit (around mantle)
 J - a +4 ring of protection (on tentacle)
Wands
 l - a wand of paralysis (8)
 I - a wand of light (7)
Scrolls
 a - a scroll of poison {unknown}
 i - a scroll of fog {unknown}
 j - a scroll of teleportation
 k - 2 scrolls of magic mapping {unknown}
 m - 5 scrolls of identify {unknown}
 n - a scroll of blinking {unknown}
 s - 2 scrolls of summoning {unknown}
 t - a scroll of torment {unknown}
 y - a scroll of amnesia {unknown}
 D - a scroll of enchant armour {unknown}
 F - a scroll of enchant weapon {unknown}
 G - 2 scrolls of fear {unknown}
Potions
 g - a potion of resistance {unknown}
 o - 5 potions of flight {unknown}
 r - 4 potions of curing
 v - 4 potions of heal wounds {unknown}
 w - 2 potions of invisibility {unknown}
 x - 2 potions of berserk rage {unknown}
 z - a potion of lignification {unknown}
 B - 4 potions of attraction {unknown}
 C - 3 potions of brilliance {unknown}
 E - a potion of haste {unknown}
 H - a potion of magic


   Skills:
 * Level 5.0 Fighting
 * Level 6.2(6.4) Short Blades
 * Level 2.0(4.4) Long Blades
 * Level 4.5(4.7) Axes
 * Level 1.8(3.4) Maces & Flails
 * Level 5.8 Throwing
 * Level 4.9 Dodging
 + Level 11.2 Stealth
 * Level 4.5 Shields
 * Level 4.7 Invocations
 * Level 4.9 Evocations


You had 9 spell levels left.
You didn't know any spells.
Your spell library contained the following spells:

 Spells                   Type           Power      Damage    Failure   Level
 Frozen Ramparts          Ice            0%         1d1       96%         3
 Ignite Poison            Fire/Tmut/Pois 0%         N/A       96%         3
 Ice Form                 Ice/Tmut       0%         N/A       100%        4
 Sticky Flame             Conj/Fire      0%         2d3       100%        4
 Summon Ice Beast         Ice/Summ       0%         N/A       100%        4
 Summon Forest            Summ/Tloc      0%         N/A       100%        5
 Eringya's Noxious Bog    Tmut/Pois      0%         N/A       100%        6
 Summon Hydra             Summ           0%         N/A       100%        7
 Ignition                 Fire           0%         3d3       100%        8


Dungeon Overview and Level Annotations

Branches:
Dungeon (8/15)             Temple (0/1) D:4         Ossuary (visited)
   Lair: D:8-11

Altars:
Dithmenos
Fedhas
Hepliaklqana
Qazlal
Xom


Innate Abilities, Weirdness & Mutations

You cannot wear most types of armour.
You are amphibious.
You can wear up to eight rings at the same time.
Your skin changes colour to match your surroundings (Stealth+).
Your rubbery body absorbs attacks. (AC +1, EV +1)
((You are camouflaged when in or above water. (Stealth+)))
You have tentacles for arms and can constrict up to eight enemies at once.


Message History

The steam dragon claws you but does no damage.
You hit the steam dragon but do no damage.
You squeeze the steam dragon, but do no damage.
The steam dragon is almost dead.
You are engulfed in a cloud of scalding steam.
You feel sick. The steam dragon breathes steam at you.
The ball of steam hits you!
You hear an angry hiss.
You hit the steam dragon but do no damage.
The steam dragon is almost dead.
You feel sick. The steam dragon breathes steam at you.
The ball of steam hits you!!
* * * LOW HITPOINT WARNING * * *
An ice beast comes into view.
You closely miss the steam dragon.
The steam dragon is almost dead.
You are engulfed in a cloud of scalding steam.
* * * LOW HITPOINT WARNING * * *
You feel sick.
You are no longer poisoned.
You closely miss the steam dragon.
The steam dragon is almost dead.
You are engulfed in a cloud of scalding steam.
* * * LOW HITPOINT WARNING * * *
You block the steam dragon's attack. The steam dragon barely misses you.
Unknown command.
It was a potion of curing.
You feel better.
You are engulfed in a cloud of scalding steam.
The steam dragon breathes steam at you. The ball of steam hits you!
* * * LOW HITPOINT WARNING * * *
You hit the steam dragon.
You feel better.
The steam dragon is almost dead.
You are engulfed in a cloud of scalding steam.
* * * LOW HITPOINT WARNING * * *
The steam dragon breathes steam at you. The ball of steam hits you!
You die...

#...........#####..##....
####.......## #..#..####
#..####<#####.###.##
#...###.#.....# ##)#
###..#... ##..## #.#
##..### #...###.##
##..####.#..###.##
#.....#..##....#..
#@####..####..#### #D#
###.# #.####. .l. ###
#####.# ..#.. #.## ..P
... #.# ...P .... ###
.(... ..... ..(... ......


You could see a basilisk and a steam dragon (catching breath).

Vanquished Creatures
  A two-headed ogre (D:7)
  2 polar bears (D:8)
  Sigmund (D:4)
  A yak (D:8)
  A basilisk (D:8)
  Duvessa (D:6)
  6 water moccasins
  A sky beast (D:7)
  5 black bears
  2 centaurs
  2 ogres
  3 wolves (D:8)
  An elf zombie (Ossuary)
  A kobold brigand (D:7)
  A bullfrog (D:8)
  A gnoll sergeant (D:8)
  3 scorpions
  15 wights
  4 killer bees (D:7)
  Dowan (D:6)
  A howler monkey (D:6)
  A vampire bat (D:7)
  An electric eel (D:8)
  6 hounds
  A wyvern simulacrum (D:8)
  A centaur zombie (Ossuary)
  3 human zombies (Ossuary)
  A jelly (D:5)
  2 orc priests (D:6)
  6 iguanas
  8 orc wizards
  4 ogre zombies (Ossuary)
  A centaur simulacrum (D:8)
  7 mummies (Ossuary)
  10 gnolls
  9 adders
  A white imp (D:7)
  2 ufetubi
  A worm zombie (D:7)
  2 adder zombies (Ossuary)
  3 worms
  18 orcs
  12 bats
  9 endoplasms
  A giant cockroach (D:1)
  12 goblins
  7 hobgoblins
  11 jackals
  10 kobolds
  3 quokkas (D:4)
  6 ball pythons
  3 frilled lizards
  4 goblin zombies (Ossuary)
  6 hobgoblin zombies
  3 kobold zombies
  4 quokka zombies (Ossuary)
  4 rats
  4 rat zombies (Ossuary)
241 creatures vanquished.

Notes
Turn   | Place    | Note
-------+----------+-------------------------------------------
     0 | D:1      | Kazon the Octopode Brigand began the quest for the Orb.
     0 | D:1      | Reached XP level 1. HP: 14/14 MP: 1/1
    43 | D:1      | Identified a scroll of acquirement
    43 | D:1      | Acquired the +0 kite shield of Protective Custody {Fly
                  | Will+ Slay+3}
   124 | D:1      | Reached XP level 2. HP: 16/19 MP: 2/2
   551 | D:1      | Reached skill level 6 in Stealth
   563 | D:1      | Reached XP level 3. HP: 24/24 MP: 3/3
  1008 | D:2      | Reached XP level 4. HP: 23/29 MP: 4/4
  1590 | D:3      | Found a blossoming altar of Fedhas.
  1590 | D:3      | You are sucked into a shaft and drop 2 floors!
  1590 | D:5      | Entered Level 5 of the Dungeon
  1645 | D:5      | Reached XP level 5. HP: 30/35 MP: 5/5
  1667 | D:4      | Found a staircase to the Ecumenical Temple.
  1718 | D:4      | Noticed a black bear
  1725 | D:4      | Reached skill level 1 in Shields
  1728 | D:4      | Killed a black bear
  1729 | D:4      | Reached skill level 7 in Stealth
  1729 | D:4      | Reached XP level 6. HP: 41/41 MP: 6/6
  1742 | D:4      | Found a hazy altar of Hepliaklqana.
  1743 | D:4      | Found a shadowy altar of Dithmenos.
  1743 | D:4      | Noticed a shadow
  1751 | D:4      | Became a worshipper of Dithmenos the Shadowed
  1826 | D:3      | Found a faded altar of an unknown god.
  1868 | D:3      | Found a stormy altar of Qazlal.
  2129 | D:3      | Identified the +2 sling "Qeuhanocyt" {speed, rElec Str-3
                  | Dex+2}
  2607 | D:4      | Noticed Sigmund
  2610 | D:4      | Killed Sigmund
  2611 | D:4      | Reached skill level 1 in Invocations
  2611 | D:4      | Reached skill level 1 in Evocations
  2611 | D:4      | Reached XP level 7. HP: 46/46 MP: 7/7
  2674 | D:4      | Reached skill level 1 in Axes
  2674 | D:4      | Reached skill level 8 in Stealth
  2966 | D:5      | Reached * piety under Dithmenos
  2986 | D:5      | Reached XP level 8. HP: 27/52 MP: 8/9
  3411 | D:6      | Found a shimmering altar of Xom.
  3576 | D:6      | Reached skill level 9 in Stealth
  3602 | D:6      | Noticed Duvessa
  3602 | D:6      | Noticed Dowan
  3620 | D:6      | Killed Duvessa
  3621 | D:6      | Killed Dowan
  3738 | D:7      | Reached XP level 9. HP: 58/58 MP: 11/11
  3765 | D:7      | Reached skill level 5 in Short Blades
  3823 | D:7      | Found a sand-covered staircase.
  3831 | D:7      | Reached ** piety under Dithmenos
  3834 | Ossuary  | Entered an ossuary
  4135 | Ossuary  | Reached *** piety under Dithmenos
  4393 | D:7      | Reached skill level 10 in Stealth
  4414 | D:7      | Reached skill level 5 in Throwing
  4533 | D:7      | Noticed a two-headed ogre
  4537 | D:7      | Killed a two-headed ogre
  4538 | D:7      | Reached XP level 10. HP: 65/65 MP: 13/13
  5071 | D:8      | Reached skill level 1 in Long Blades
  5078 | D:8      | Reached **** piety under Dithmenos
  5187 | D:8      | Reached skill level 1 in Maces & Flails
  5425 | D:8      | Reached skill level 11 in Stealth
  5525 | D:8      | Reached skill level 5 in Fighting
  5555 | D:8      | HP: 3/66 [steam dragon] (6)]
  5557 | D:8      | Killed from afar by a steam dragon

Illustrated notes

Levels and vault maps discovered:
D:1:      ebering_trefoil_3fold, layout_basic, st_stairs_14, serial_bayou_ford_a
D:2:      layout_basic, hangedman_decor_growths, minmay_close_crescents
D:3:      layout_rooms, mainiacjoe_overflow_concentric_impassable,
          mainiacjoe_overflow_paths, shapermc_ecumenical_altar_acropolis,
          chequers_serial_rivers_micro_b
D:4:      layout_basic, riverfiend_overflow_shadow_ancestor,
          minmay_temple_entry_glass, uniq_sigmund
D:5:      layout_gridville
D:6:      layout_basic, xom_teletrap_fun, uniq_duvessa
D:7:      layout_loops_ring, enter_ossuary_3, roderic_batcave
D:8:      layout_layer_cave, minmay_lair_entry_grove, serial_shops,
          nicolae_lakefront_shop, serial_ice, serial_ice_o, serial_ice_d,
          serial_ice_k, serial_ice_a

Skill      XL: |  1  2  3  4  5  6  7  8  9 10 |
---------------+-------------------------------+-----
Stealth        | 6 7 8 9 10 11 | 11.2
Shields        | 1 2 3 4 |  4.5
Short Blades   | 3 4 5 6 |  6.2
Throwing       | 3 4 5 |  5.8
Dodging        | 2 3 4 |  4.9
Fighting       | 3 4 5 |  5.0
Invocations    | 1 2 4 |  4.7
Evocations     | 1 2 4 |  4.9
Axes           | 1 2 3 4 |  4.5
Long Blades    | 2 |  2.0
Maces & Flails | 1 |  1.8

Action                     |  1- 3 |  4- 6 |  7- 9 | 10-12 || total
---------------------------+-------+-------+-------+-------++-------
  Melee: Dagger            |    52 |    66 |   194 |    93 ||   405
         Constrict         |    11 |    10 |    47 |    25 ||    93
         Tentacles         |     9 |    12 |    50 |    31 ||   102
         Punch             |       |     1 |     2 |     2 ||     5
         Hand axe          |       |       |     8 |    26 ||    34
  Throw: Dart              |    13 |     6 |    12 |     3 ||    34
         Stone             |       |    10 |    37 |       ||    47
         Boomerang         |       |       |    20 |    13 ||    33
    Use: Scroll            |     2 |     1 |       |       ||     3
         Potion            |     1 |       |       |     1 ||     2
   Stab: Sleeping          |    12 |    18 |    50 |    16 ||    96
         Distracted        |       |     1 |     2 |     1 ||     4
 Armour: Skin              |       |     3 |     6 |     7 ||    16
  Dodge: Dodged            |    11 |    15 |    51 |    36 ||   113
  Block: Kite shield       |     2 |    11 |    60 |    39 ||   112
